 Dungeon Sprint DCSS version 0.14-a0-663-gfc8c466 (webtiles) character file.

489 Bloax the Chronographer (level 7, 0/44 HPs)
             Began as a Gargoyle Fighter on Nov 6, 2013.
             Was a Believer of Cheibriados.
             Slain by a wolf (2 damage)
             ... in the Dungeon (Sprint V: "Ziggurat Sprint").
             The game lasted 00:01:54 (80 turns).

Bloax the Chronographer (Gargoyle Fighter)            Turns: 80, Time: 00:01:54

HP   0/44        AC 22     Str 39      XL: 7   Next: 14%
MP   4/16        EV  8     Int 13      God: Cheibriados [**....]
Gold 0           SH  0     Dex 14      Spells:  0 memorised,  6 levels left

Res.Fire  : . . .   See Invis. : .   C - +6 dark maul {crush}
Res.Cold  : . . .   Warding    : .   k - +5 storm dragon armour
Life Prot.: + . .   Conserve   : .   (no shield)
Res.Poison: +       Res.Corr.  : .   (no helmet)
Res.Elec. : +       Clarity    : .   (no cloak)
Sust.Abil.: . .     Spirit.Shd : .   (no gloves)
Res.Mut.  : .       Prev.Telep.: +   (no boots)
Res.Rott. : +       Flight     : .   (no amulet)
Saprovore : . . .                    B - +6 ring of strength
                                     A - +6 ring of strength

@: very slow, slightly resistant to hostile enchantments, extremely unstealthy
A: fangs 1, talons 2, life protection 1, slow metabolism 1, unbreathing,
petrification resistance, AC +4
a: Bend Time, Renounce Religion


You were in the Dungeon.
You worshipped Cheibriados.
Cheibriados was pleased with you.
You were not hungry.

You visited 1 branch


Innate Abilities, Weirdness & Mutations

You are resistant to torment.
You are immune to poison.
Your stone body is very resilient (AC +4).
You have very sharp teeth.
You have razor-sharp toenails.
You resist negative energy.
You have a slow metabolism.
You can survive without breathing.
You are immune to petrification.


   Skills:
 + Level 6.7 Fighting
 * Level 8.7 Maces & Flails
 + Level 6.7 Armour
 + Level 4.2 Dodging
   Level 3.2 Shields
 - Level 9.2 Invocations
 - Level 5.9 Evocations


You had 6 spell levels left.
You didn't know any spells.

Dungeon Overview and Level Annotations

Branches:
Dungeon (1/1)

Altars:
Ashenzari
Cheibriados
Elyvilon
Fedhas
Kikubaaqudgha
Makhleb
Nemelex Xobeh
Okawaru
Sif Muna
Trog
Vehumet
Xom
Yredelemnul
Zin
the Shining One
Beogh
Jiyva
Lugonu

Inventory:

Hand weapons
 C - the +6,+6 dark maul (weapon) {crush}
   (You found it in the Dungeon)

   It inflicts extra damage upon your enemies.
Armour
 k - a +5 storm dragon armour (worn)
   (You found it in the Dungeon)
Magical devices
 w - a wand of disintegration (7)
   (You found it in the Dungeon)
 x - a wand of fire (5)
   (You found it in the Dungeon)
 y - a wand of cold (5)
   (You found it in the Dungeon)
 z - a wand of draining (5)
   (You found it in the Dungeon)
Comestibles
 d - 5 bread rations
 u - 42 strawberries
 v - 4 meat rations
Scrolls
 j - 4 scrolls of blinking
 n - 4 scrolls of amnesia
 o - 3 scrolls of recharging
 p - 7 scrolls of fog
 q - 5 scrolls of identify
 r - 5 scrolls of remove curse
 s - 2 scrolls of fear
 t - a scroll of holy word
Jewellery
 A - a +6 ring of strength (left hand)
   (You found it in the Dungeon)
 B - a +6 ring of strength (right hand)
   (You found it in the Dungeon)
Potions
 a - 2 potions of brilliance
 b - 2 potions of invisibility
 c - 2 potions of restore abilities
 e - 10 potions of curing
 f - 10 potions of heal wounds
 g - 4 potions of resistance
 h - 7 potions of magic
 l - 5 potions of agility
 m - 5 potions of might

#############
#.8^8.#.8^8.#
#.:?).#.....#
#.....#.).|.#
#.....#.....#
#.....#..%..#
#.h...#.....#
#.@%..#######
#######


You could see a wolf.


Message History

Unknown command.
You see here a tarantella corpse.
You see here a +1,+1 morningstar of crushing.
Your surroundings seem different!
Welcome to arena 2. 2 wolves and a black bear come into view.
The wolf barks!
The black bear growls angrily.
Found three items.
Unknown command.
The wolf bites you. The wolf bites you but does no damage.
Unknown command.
Unknown command.
You miss the wolf. You bite the wolf.
The wolf is moderately wounded.
The wolf bites you. The wolf bites you but does no damage.
The wolf bites you but does no damage. The wolf closely misses you.
The wolf bites you but does no damage. The wolf bites you.
The wolf bites you but does no damage. The black bear closely misses you.
The black bear claws you but does no damage.
Unknown command.
You bludgeon the black bear!!
The black bear is almost dead.
The wolf bites you but does no damage. The wolf barely misses you.
The wolf bites you but does no damage.
Unknown command.
Unknown command.
You closely miss the wolf. You claw the wolf, but do no damage.
The wolf is moderately wounded.
The wolf bites you but does no damage. The wolf bites you.
The wolf bites you but does no damage. The wolf barely misses you.
The wolf bites you. The wolf bites you but does no damage. The wolf bites you.
* * * LOW HITPOINT WARNING * * *
The wolf bites you.
* * * LOW HITPOINT WARNING * * *
The black bear turns to fight!
The black bear goes berserk!
Unknown command.
You beat the wolf like a drum!!!!
You kill the wolf!
Cheibriados thoroughly appreciates the change of pace.
Cheibriados raises the support of your attributes as your movement slows.
Your Fighting skill increases to level 6!
Your Maces & Flails skill increases to level 8!
Your Armour skill increases to level 6!
The wolf bites you but does no damage. The wolf closely misses you.
The wolf bites you but does no damage. The black bear bites you.
* * * LOW HITPOINT WARNING * * *
The black bear closely misses you.
The black bear claws you but does no damage.
The wolf bites you but does no damage. The black bear bites you.
* * * LOW HITPOINT WARNING * * *
The black bear barely misses you. The wolf bites you but does no damage.
Unknown command.
Unknown command.
You flatten the black bear like a pancake!!!!
You kill the black bear!
Cheibriados thoroughly appreciates the change of pace.
Cheibriados raises the support of your attributes as your movement slows.
Your Dodging skill increases to level 4!
You have reached level 7!
The wolf barely misses you. The wolf bites you.
* * * LOW HITPOINT WARNING * * *
The wolf closely misses you. The wolf bites you but does no damage.
Unknown command.
You closely miss the wolf. The wolf bites you.
* * * LOW HITPOINT WARNING * * *
The wolf bites you but does no damage. The wolf bites you.
You die...

Action                   |  1- 3 |  4- 6 |  7- 9 || total
-------------------------+-------+-------+-------++-------
Melee: Maul              |     2 |     6 |     1 ||     9
  Use: Potion            |       |     1 |       ||     1

Vault maps used:
D:        sprint_v

Notes
Turn   | Place    | Note
--------------------------------------------------------------
     0 | D        | Bloax, the Gargoyle Fighter, began the quest for the Orb.
     0 | D        | Reached XP level 1. HP: 14/14 MP: 0/0
     0 | D        | Found an ancient bone altar of Kikubaaqudgha.
     1 | D        | Found an iron altar of Okawaru.
     1 | D        | Found a basalt altar of Yredelemnul.
    35 | D        | Became a worshipper of Cheibriados the Contemplative
    38 | D        | Found a radiant altar of Vehumet.
    39 | D        | Found a burning altar of Makhleb.
    40 | D        | Found a white marble altar of Elyvilon.
    42 | D        | Found a deep blue altar of Sif Muna.
    42 | D        | Found a sparkling altar of Nemelex Xobeh.
    49 | D        | Found a bloodstained altar of Trog.
    62 | D        | oh yes baby
    63 | D        | Found a shimmering altar of Xom.
    64 | D        | Entered arena 1.
    64 | D        | Noticed a tarantella
    66 | D        | Killed a tarantella
    66 | D        | Reached skill level 5 in Fighting
    66 | D        | Reached skill level 7 in Maces & Flails
    66 | D        | Reached skill level 5 in Armour
    66 | D        | Reached skill level 3 in Dodging
    66 | D        | Reached XP level 2. HP: 20/20 MP: 1/1
    66 | D        | Reached XP level 3. HP: 24/24 MP: 2/2
    66 | D        | Reached XP level 4. HP: 29/29 MP: 3/3
    66 | D        | Reached XP level 5. HP: 34/34 MP: 4/4
    67 | D        | Reached skill level 9 in Invocations
    67 | D        | Reached skill level 5 in Evocations
    67 | D        | Reached XP level 6. HP: 40/40 MP: 1/14
    68 | D        | Acquired Cheibriados' first power
    73 | D        | Entered arena 2.
    73 | D        | Noticed a wolf
    73 | D        | Noticed a wolf
    73 | D        | Noticed a black bear
    78 | D        | Killed a wolf
    78 | D        | Reached skill level 6 in Fighting
    78 | D        | Reached skill level 8 in Maces & Flails
    78 | D        | Reached skill level 6 in Armour
    78 | D        | HP: 8/40 [black bear (4)]
    79 | D        | Killed a black bear
    79 | D        | Reached skill level 4 in Dodging
    79 | D        | Reached XP level 7. HP: 8/44 MP: 3/16
    79 | D        | HP: 2/44 [wolf (6)]
    80 | D        | Slain by a wolf

Vanquished Creatures
  A tarantella (D)
  A wolf (D)
  A black bear (D)
  A giant mite (D)
4 creatures vanquished.
